 Dungeon Crawl Stone Soup version 0.30.0-15-g856e2d3f33 (webtiles) character file.

Game seed: 18301468867082119465

49 ProzacElf the Trooper (level 3, -1/29 HPs)
             Began as a Demonspawn Fighter on May 18, 2023.
             Was an Initiate of Nemelex Xobeh.
             Succumbed to a water moccasin's poison
             ... on level 3 of the Dungeon.
             The game lasted 00:03:01 (1413 turns).

ProzacElf the Trooper (Demonspawn Fighter)          Turns: 1413, Time: 00:03:02

Health: -1/29      AC:  6    Str: 18    XL:     3   Next: 51%
Magic:  3/3        EV:  9    Int:  9    God:    Nemelex Xobeh [......]
Gold:   141        SH:  4    Dex: 12    Spells: 2/2 levels left

rFire   . . .        b - +1 dagger (venom)
rCold   . . .        c - +0 buckler
rNeg    . . .        m - +0 scale mail
rPois   .            (no helmet)
rElec   .            (no cloak)
rCorr   .            (no gloves)
SInv    .            (no boots)
Will    .....        q - amulet of faith
Stlth   +            (no ring)
HPRegen 0.24/turn    (no ring)
MPRegen 0.08/turn

%: faith
@: lethally poisoned (-1 -> -23)
A: demonic guardian 1, weakness stinger 1
a: Renounce Religion, Draw Escape, Draw Destruction, Draw Summoning


You were on level 3 of the Dungeon.
You worshipped Nemelex Xobeh.
Nemelex Xobeh was noncommittal.
You visited 1 branch of the dungeon, and saw 3 of its levels.

You collected 141 gold pieces.

Inventory:

Hand Weapons
 a - a +0 flail
 b - a +1 dagger of venom (weapon)
Missiles
 e - 3 atropa-tipped darts (quivered)
 k - 2 poisoned darts
Armour
 c - a +0 buckler (worn)
 m - a +0 scale mail (worn)
 r - a +0 plate armour
Jewellery
 q - an amulet of faith (around neck)
Scrolls
 f - 2 scrolls of magic mapping {unknown}
 h - 2 scrolls of blinking {unknown}
 j - a scroll of identify {unknown}
 n - a scroll of teleportation {unknown}
 p - 2 scrolls of immolation {unknown}
Potions
 d - a potion of might
 g - a potion of lignification {unknown}
 i - 3 potions of curing {unknown}
 l - a potion of magic {unknown}
 o - a potion of flight {unknown}


   Skills:
 - Level 3.0 Fighting
 + Level 2.8 Maces & Flails
 - Level 2.6 Armour
 + Level 2.1 Stealth
 - Level 2.6 Shields


You had 2 spell levels left.
You didn't know any spells.
Your spell library contained the following spells:

 Spells                   Type           Power      Damage    Failure   Level
 Sandblast                Erth           0%         2d4       86%         1
 Passwall                 Tmut/Erth      0%         N/A       94%         2
 Stone Arrow              Conj/Erth      0%         3d7       99%         3


Dungeon Overview and Level Annotations

Branches:
Dungeon (3/15)

Altars:
Nemelex Xobeh

Shops:
D:3 [


Innate Abilities, Weirdness & Mutations

A weak demonic guardian rushes to your aid.
You have a small tail.


Message History

Found a scroll labelled VINOL WINTUNNA.
Ye block tha bat's attack.
Tha bat misses ye.
Tha bat attacks as ye move away!
Ye block tha bat's attack.
Tha bat hits ye but does nay damage.
Tha bat hits ye but does nay damage.
Tha bat hits ye but does nay damage.
Tha bat hits ye.
Ye take 1 damage, an' haf 28/29 hp.
Health restored: 29 Ye hit tha bat.
Tha bat be poison'd.
Tha bat be heavily wounded.
Tha bat hits ye but does nay damage.
Tha bat barely misses ye.
Ye hit tha bat but do nay damage.
Tha bat be heavily wounded.
Ye kill tha bat!
Tha water moccasin barely misses ye.
Ye miss tha water moccasin.
Yer tail-slap misses tha water moccasin.
Tha water moccasin bites ye.
Ye be poison'd.
Tha water moccasin poisons ye!
Ye take 4 damage, an' haf 25/29 hp.
Ye completely miss tha water moccasin.
Ye feel very sick.
Tha water moccasin bites ye.
Ye be leth'lly poison'd!
Tha water moccasin poisons ye!
Tha water moccasin barely misses ye.
Ye take 8 damage, an' haf 17/29 hp.
MASSIVE DAMAGE!!
Ye hit tha water moccasin.
Tha water moccasin be moderately wounded.
Ye feel very sick.
Tha water moccasin bites ye!
* * * LOW HITPOINT WARNIN'
* * * A demonic guardian appears!
Ye take 13 damage, an' haf 4/29 hp.
MASSIVE DAMAGE!!
Ye be too injured ta fight recklessly!
Ye swap places.
Ye die...
Yer body disappears without a glow.

#. ....###.# #. . ......## #.
#?#.##...##################. #
#.#.........................
##.##.#..#...###.####.#########.
.........##.# #.# #.# #.
............####.# #.# #.
#.......S5@∩# #.# #.
#...#..###### #.# ### #####..#
#.. #.. #..# ### #.♣ #..# #..
...# #.♣ ##### ##. ## ##


You could see a water moccasin (ally target) and a friendly ufetubus (summoned).

Vanquished Creatures
  An adder (D:2)
  4 dart slugs
  5 endoplasms
  A giant cockroach (D:1)
  4 goblins (D:1)
  3 hobgoblins
  2 kobolds
  A quokka (D:1)
  3 ball pythons
  3 bats
  A frilled lizard (D:1)
  A rat (D:2)
29 creatures vanquished.

Notes
Turn   | Place    | Note
-------+----------+-------------------------------------------
     0 | D:1      | ProzacElf the Demonspawn Fighter began the quest for the
                  | Orb.
     0 | D:1      | Reached XP level 1. HP: 18/18 MP: 1/1
   190 | D:1      | Reached skill level 1 in Stealth
   190 | D:1      | Gained mutation: A weak demonic guardian rushes to your
                  | aid. [demonic ancestry]
   190 | D:1      | Reached XP level 2. HP: 15/24 MP: 2/2
   656 | D:2      | Upgraded the game from 0.30.0-13-g156ef70053 to
                  | 0.30.0-15-g856e2d3f33
   781 | D:2      | Gained mutation: You have a small tail. [demonic ancestry]
   781 | D:2      | Reached XP level 3. HP: 28/29 MP: 3/3
   809 | D:2      | Found a sparkling altar of Nemelex Xobeh.
   818 | D:2      | Became a worshipper of Nemelex Xobeh the Trickster
  1384 | D:3      | Found Faclatt's Antique Armour Shop.
  1399 | D:3      | Noticed a water moccasin
  1413 | D:3      | Succumbed to a water moccasin's poison

Illustrated notes

Levels and vault maps discovered:
D:1:      dpeg_arrival_ternary, layout_basic
D:2:      layout_basic, basic_altar
D:3:      layout_loops_ring, nicolae_overflow_crystal_walls, serial_shops, shop,
          minivault_19, dreamdust_princess_bridge, minmay_door_square,
          bh_walls_and_bars

Skill      XL: |  1  2  3 |
---------------+----------+-----
Maces & Flails | 2 |  2.8
Stealth        | 1 2 |  2.1
Fighting       | |  3.0
Armour         | |  2.6
Shields        | |  2.6

Action                     || total
---------------------------++-------
  Melee: Flail             ||    53
         Dagger            ||    33
         Tailslap          ||     2
 Armour: Scale mail        ||    47
  Dodge: Dodged            ||    30
  Block: Buckler           ||    19

Action                     || total
---------------------------++-------
  Melee: Flail             ||    53
         Dagger            ||    33
         Tailslap          ||     2
 Armour: Scale mail        ||    47
  Dodge: Dodged            ||    30
  Block: Buckler           ||    19

Levels and vault maps discovered:
D:1:      dpeg_arrival_ternary, layout_basic
D:2:      layout_basic, basic_altar
D:3:      layout_loops_ring, nicolae_overflow_crystal_walls, serial_shops, shop,
          minivault_19, dreamdust_princess_bridge, minmay_door_square,
          bh_walls_and_bars
